 Dungeon Crawl Stone Soup version bcrawl-1.27.1d (webtiles) character file.

Game seed: 3486534163040970250

108626 Freyura the Twirler (level 3, -16/28 HPs)
             Began as a Demonspawn Gladiator on July 24, 2020.
             Demolished by an ogre
             ... wielding a +0 giant club
              (28 damage)
             ... on level 2 of the Dungeon.
             The game lasted 00:02:53 (1914 turns).

Freyura the Twirler (Demonspawn Gladiator)          Turns: 1914, Time: 00:02:54

Health: -16/28     AC:  6    Str: 14    XL:     3   Next: 85%
Magic:  3/3        EV: 12    Int:  9    God:
Gold:   209        SH:  0    Dex: 15    Spells: 2/2 levels left

rFire    . . .     SeeInvis .   a - +0 quarterstaff
rCold    . . .     Gourm    .   (shield currently unavailable)
rNeg     . . .     Faith    .   h - +0 ring mail
rPois    .         Spirit   .   c - +0 helmet
rElec    .         Reflect  .   (no cloak)
rCorr    .         Harm     .   (no gloves)
MR       .....                  (no boots)
Stlth    +.........             (no amulet)
HPRegen  0.09/turn              (no ring)
MPRegen  0.08/turn              (no ring)

@: no status effects
A: talons 2
a: no special abilities


You were on level 2 of the Dungeon.
You were not hungry.

You visited 1 branch of the dungeon, and saw 3 of its levels.

You collected 209 gold pieces.

Inventory:

Hand Weapons
 a - a +0 quarterstaff (weapon)
Missiles
 d - 3 throwing nets {=f}
Armour
 b - a +0 leather armour
 c - a +0 helmet (worn)
 h - a +0 ring mail (worn)
Scrolls
 g - a scroll of magic mapping {unknown}
 k - 2 scrolls of teleportation {unknown}
 m - 4 scrolls of identify
Potions
 f - 2 potions of degeneration {unknown}
 i - a potion of berserk rage {unknown}
 j - 2 potions of brilliance {unknown}
 l - a potion of resistance {unknown}
 n - a potion of curing {unknown}
Comestibles
 e - 7 rations {!d}


   Skills:
 + Level 2.5 Fighting
 * Level 3.4 Staves
 - Level 1.7 Throwing
 + Level 1.2 Armour
 + Level 3.0 Dodging


You had 2 spell levels left.
You didn't know any spells.
Your spell library was empty.

Dungeon Overview and Level Annotations

Branches:
Dungeon (3/12)

Altars:


Innate Abilities, Weirdness & Mutations

You have razor-sharp toenails.


Message History

There is a stone staircase leading up here.
You hit the ogre.
The ogre is lightly wounded.
The kobold throws a stone.
The stone hits you but does no damage. The ogre hits you with a +0 giant club!
Ouch! That really hurt!
You are too injured to fight recklessly!
You are too injured to fight recklessly!
You are too injured to fight recklessly!
You are too injured to fight recklessly!
You climb upwards.
There is a stone staircase leading down here.
You closely miss the ogre. You claw the ogre.
The ogre is lightly wounded.
The ogre closely misses you.
You thump the ogre! You claw the ogre, but do no damage.
The ogre is heavily wounded.
The ogre hits you with a +0 giant club!!
Ouch! That really hurt!
You die...

#........##[# #......
#........##.##########......
#........##.##.........(....
########..#.##...........[..
##.#.##.............#
#...##..............
##..##.......#.....#
#..##.......#...).#
#.@O........#)....#
######.######.....# #.(...#
#...... #.##### #...... #.#
#####.. ####.# #.. #....#
#.. #.#### ### #.#


You could see an ogre.

Vanquished Creatures
  3 worms (D:2)
  A dart slug (D:1)
  2 leopard geckos (D:1)
  An orc (D:2)
  6 bats
  10 goblins
  4 hobgoblins
  A quokka (D:2)
  A ball python (D:2)
  A frilled lizard (D:1)
  10 kobolds
  6 rats
46 creatures vanquished.

Notes
Turn   | Place    | Note
-------+----------+-------------------------------------------
     0 | D:1      | Freyura the Demonspawn Gladiator began the quest for the
                  | Orb.
     0 | D:1      | Reached XP level 1. HP: 16/16 MP: 1/1
   461 | D:1      | Gained mutation: You have sharp toenails. [demonic
                  | ancestry]
   461 | D:1      | Reached XP level 2. HP: 20/22 MP: 2/2
   684 | D:1      | Gained mutation: You have razor-sharp toenails. [demonic
                  | ancestry]
   684 | D:1      | Reached XP level 3. HP: 28/28 MP: 3/3
   749 | D:1      | Reached skill level 1 in Armour
  1909 | D:3      | Noticed an ogre
  1914 | D:2      | Demolished by an ogre

Skill      XL: |  1  2  3 |
---------------+----------+-----
Staves         | 3 |  3.4
Armour         | 1 |  1.2
Dodging        | 3 |  3.0
Fighting       | |  2.5
Throwing       | |  1.7

Action                   || total
-------------------------++-------
Melee: Quarterstaff      ||   132
       Kick              ||    26
  Use: Scroll            ||     1
  Eat: Chunk             ||     7
Armor: Leather armour    ||    30
       Ring mail         ||     2
Dodge: Dodged            ||    73
